 Dungeon Crawl Stone Soup version 0.29.1-2-gbd0b4ee654 (webtiles) character file.

Game seed: 9917208428786542782

3302 Goreval the Covert (level 10, -2/75 HPs)
             Began as a Naga Enchanter on Nov 17, 2022.
             Was a Priest of Cheibriados.
             Slain by a killer bee (7 damage)
             ... on level 7 of the Dungeon.
             The game lasted 00:27:23 (9773 turns).

Goreval the Covert (Naga Enchanter)                 Turns: 9773, Time: 00:27:24

Health: -2/75      AC:  5    Str: 19    XL:     10   Next: 1%
Magic:  7/17       EV: 11    Int: 27    God:    Cheibriados [***...]
Gold:   275        SH:  0    Dex: 20    Spells: 6/19 levels left

rFire   . . .      SeeInvis +   a - +1 dagger
rCold   . . .      Faith    .   (no shield)
rNeg    + . .      Spirit   .   b - +0 robe
rPois   +          Reflect  .   x - +0 helmet
rElec   .          Harm     .   C - scarf {+Inv}
rCorr   .          Rampage  .   (no gloves)
Will    +....                   (no barding)
Stlth   ++++......              (no amulet)
HPRegen 0.22/turn               F - ring of positive energy
MPRegen 0.15/turn               (no ring)

@: short of breath, very slow
A: AC +3, large, see invisible, deformed body, poison resistance, slowness 2,
spit poison 1, naga tail 1
a: Spit Poison, Renounce Religion, Evoke Invisibility, Bend Time, Temporal
Distortion


You were on level 7 of the Dungeon.
You worshipped Cheibriados.
Cheibriados was most pleased with you.
You visited 2 branches of the dungeon, and saw 9 of its levels.
You also visited: Sewer.

You collected 392 gold pieces.
You spent 117 gold pieces at shops.

Inventory:

Hand Weapons
 a - a +1 dagger (weapon)
 p - a +0 dagger of venom
Missiles
 e - 47 stones
Armour
 b - a +0 robe (worn)
 x - a +0 helmet (worn)
 C - a scarf of invisibility (worn)
Jewellery
 F - a ring of positive energy (left hand)
Wands
 z - a wand of mindburst (13)
Scrolls
 d - 2 scrolls of silence {unknown}
 f - 10 scrolls of teleportation {unknown}
 h - 2 scrolls of poison
 k - a scroll of immolation {unknown}
 n - 2 scrolls of vulnerability {unknown}
 s - 2 scrolls of butterflies {unknown}
 t - a scroll of enchant armour {unknown}
 u - a scroll of torment {unknown}
 v - 3 scrolls of magic mapping {unknown}
 w - a scroll of blinking {unknown}
 y - 2 scrolls of noise {unknown}
 A - 3 scrolls of fear {unknown}
Potions
 c - 3 potions of invisibility
 g - 2 potions of cancellation {unknown}
 i - a potion of magic {unknown}
 j - 6 potions of curing
 l - 3 potions of might
 m - 3 potions of flight
 o - a potion of attraction
 q - 2 potions of mutation {unknown}
 r - a potion of lignification
 B - a potion of ambrosia {unknown}
 D - 2 potions of brilliance {unknown}


   Skills:
 * Level 7.4 Short Blades
 + Level 1.8 Armour
 + Level 2.6 Dodging
 + Level 9.3 Stealth
 + Level 5.1 Spellcasting
 - Level 2.0 Conjurations
 - Level 7.0 Hexes
 - Level 2.0 Transmutations
 - Level 3.0 Invocations
 + Level 2.2 Evocations


You had 6 spell levels left.
You knew the following spells:

 Your Spells              Type           Power      Damage    Failure   Level
a - Ensorcelled Hibernat  Hex/Ice        50%        N/A       2%          2
b - Confusing Touch       Hex            44%        N/A       1%          3
c - Tukima's Dance        Hex            44%        N/A       1%          3
d - Dazzling Flash        Conj/Hex       62%        N/A       3%          3
p - Passwall              Tmut/Erth      10%        N/A       7%          2

Your spell library contained the following spells:

 Spells                   Type           Power      Damage    Failure   Level
 Slow                     Hex            100%       N/A       1%          1
 Foxfire                  Conj/Fire      48%        2x1d6     4%          1
 Inner Flame              Hex/Fire       25%        N/A       4%          3
 Portal Projectile        Hex/Tloc       50%        N/A       4%          3
 Scorch                   Fire           12%        2d5       11%         2
 Conjure Flame            Conj/Fire      12%        6-21      14%         3
 Leda's Liquefaction      Hex/Erth       12%        N/A       17%         4
 Call Canine Familiar     Summ           6%         N/A       22%         3
 Gell's Gravitas          Tloc           6%         N/A       22%         3
 Lesser Beckoning         Tloc           6%         N/A       22%         3
 Swiftness                Air            6%         N/A       22%         3
 Teleport Other           Tloc           6%         N/A       22%         3
 Vampiric Draining        Necr           6%         2d6       22%         3
 Yara's Violent Unravell  Hex/Tmut       15%        3d8       30%         5
 Flame Wave               Conj/Fire      12%        2d6       43%         4
 Passage of Golubria      Tloc           6%         N/A       56%         4
 Summon Cactus Giant      Summ           3%         N/A       100%        6


Dungeon Overview and Level Annotations

Branches:
Dungeon (8/15)             Temple (1/1) D:4           Sewer (visited)
   Lair: D:8-11

Altars:
Cheibriados
Dithmenos
Elyvilon
Gozag
Hepliaklqana
Kikubaaqudgha
Makhleb
Nemelex Xobeh
Ru
Sif Muna
Trog
Uskayaw
Vehumet
Wu Jian
Xom
Yredelemnul
Zin
The Shining One

Shops:
D:3 **   D:7 =

Annotations:
D:6 3 runed translucent doors, H0rd4k's ghost, novice OpAr
D:8 Pikel


Innate Abilities, Weirdness & Mutations

Your serpentine skin is tough. (AC +3)
You have supernaturally acute eyesight. (SInv)
Armour fits poorly on your strangely shaped body.
Your system is resistant to poisons. (rPois)
You cover ground very slowly.
You can spit poison.
You have a snake-like lower body.


Message History

Pikel, Merchant of Souls comes into view.
He is wielding a +0 whip of flaming.
The killer bee stings you but does no damage.
The killer bee stings you.
You are poisoned.
The killer bee poisons you! The killer bee stings you.
You are more poisoned.
The killer bee poisons you!
You closely miss the killer bee.
You feel sick. The killer bee stings you.
The killer bee stings you but does no damage.
The killer bee closely misses you.
A lemure comes into view.
The killer bee stings you but does no damage.
The killer bee closely misses you.
You feel sick. The killer bee closely misses you. x2
The killer bee misses you. The killer bee closely misses you.
The killer bee stings you!
You climb upwards.
You feel very sick.
There is a stone staircase leading down here.
The killer bee is dazzled. x2; You feel sick.
The killer bee stings you. The killer bee stings you!
* * * LOW HITPOINT WARNING * * *
The killer bee closely misses you. The killer bee stings you.
* * * LOW HITPOINT WARNING * * *
You hit the killer bee.
You feel sick. The killer bee stings you!
* * * LOW HITPOINT WARNING * * *
The killer bee barely misses you.
You feel better. The killer bee barely misses you. x3
The killer bee stings you.
* * * LOW HITPOINT WARNING * * *
Aim: a killer bee (blind, 34% to hit)
The splash of poison misses the killer bee.
The killer bee stings you.
* * * LOW HITPOINT WARNING * * *
You are lethally poisoned!
The killer bee poisons you! The killer bee barely misses you. x3
You feel better.
The killer bee is no longer blind.
The killer bee stings you.
* * * LOW HITPOINT WARNING * * *
The killer bee stings you!
You die...

.##..##......##.#.#.........#....##
....##......##..#...........#....#
#..##......##..##.......##'##....#
..##......##....#..#.............##
.##......##..##.#..#.##....##......
##......##....###..............#.##
#......##..##...#..........###.#.##
......###...###.#.y................
'#......###...###@.............#.##
.###......###...#.y.....#..#.......
...###......###.#...###.#..##..#.##
#รท)..###......#'#...#
#............ ..#....###......#...#
#.##.##......
.##.##...###........###.##.##..#.#.
.#..#..#...###..#.#...#.##.##..#.#.
############ ####.'...'............
..........#######.#...#..#.##..#.#.


You could see 2 killer bees.

Vanquished Creatures
  Joseph (D:7)
  A steam dragon (D:7)
  2 water moccasins
  3 ice beasts
  2 black bears
  A sky beast (D:7)
  3 ogres
  A centaur (D:6)
  5 bullfrogs
  2 necrophages
  4 scorpions
  3 wights (D:7)
  2 killer bees (D:7)
  9 hounds
  A gnoll bouda (D:7)
  An orc priest (D:6)
  4 iguanas
  A hell rat (Sewer)
  5 orc wizards
  7 gnolls
  2 river rats
  5 adders
  A shadow imp (D:7)
  2 white imps
  4 worms
  25 orcs
  6 bats
  5 endoplasms
  8 giant cockroaches
  6 goblins
  4 hobgoblins
  3 jackals (D:2)
  3 quokkas
  6 ball pythons
  A frilled lizard (D:1)
  7 kobolds
  9 rats
155 creatures vanquished.

Vanquished Creatures (collateral kills)
  An orc (D:6)
1 creature vanquished.

Vanquished Creatures (others)
  A dancing weapon (D:6)
  3 demonic plants (D:2)
  5 fungi (D:2)
  A plant (D:2)
  3 withered plants (D:2)
13 creatures vanquished.

Grand Total: 169 creatures vanquished

Notes
Turn   | Place    | Note
-------+----------+-------------------------------------------
     0 | D:1      | Goreval the Naga Enchanter began the quest for the Orb.
     0 | D:1      | Reached XP level 1. HP: 15/15 MP: 3/3
   229 | D:1      | Reached XP level 2. HP: 15/22 MP: 5/5
   232 | D:1      | Learned a level 2 spell: Ensorcelled Hibernation
  1695 | D:2      | Reached XP level 3. HP: 25/28 MP: 6/6
  1699 | D:2      | Learned a level 3 spell: Confusing Touch
  1994 | D:2      | Found a faded altar of an unknown god.
  2095 | D:2      | Reached skill level 5 in Stealth
  2377 | D:2      | Reached XP level 4. HP: 13/36 MP: 0/7
  2884 | D:3      | Found Soatz's General Store.
  3105 | D:3      | Bought a scroll of identify for 26 gold pieces
  3105 | D:3      | Bought a potion of lignification for 39 gold pieces
  3413 | D:3      | Found Basseun's General Store.
  3417 | D:3      | Bought a scroll of poison for 52 gold pieces
  3464 | D:3      | Noticed a scorpion
  3542 | D:3      | Killed a scorpion
  3543 | D:3      | Reached XP level 5. HP: 42/42 MP: 8/8
  3797 | D:4      | Reached XP level 6. HP: 31/49 MP: 2/10
  4015 | D:4      | Reached skill level 6 in Stealth
  4233 | D:4      | Noticed a black bear
  4240 | D:4      | Killed a black bear
  4241 | D:4      | Reached skill level 5 in Hexes
  4241 | D:4      | Reached XP level 7. HP: 40/55 MP: 6/11
  4361 | D:4      | Learned a level 3 spell: Tukima's Dance
  4365 | D:4      | Learned a level 3 spell: Dazzling Flash
  4560 | D:4      | Found a staircase to the Ecumenical Temple.
  4567 | Temple   | Entered the Ecumenical Temple
  4666 | Temple   | Became a worshipper of Cheibriados the Contemplative
  4916 | D:4      | Found an ornate altar of the Wu Jian Council.
  5091 | D:5      | Entered Level 5 of the Dungeon
  5652 | D:5      | Found a shimmering blue altar of Sif Muna.
  5752 | D:5      | Found an opulent altar of Gozag.
  5752 | D:5      | Found a basalt altar of Yredelemnul.
  5755 | D:5      | Reached * piety under Cheibriados
  5756 | D:5      | Reached skill level 1 in Invocations
  5910 | D:5      | Reached skill level 5 in Short Blades
  5913 | D:5      | Reached skill level 7 in Stealth
  5913 | D:5      | Reached XP level 8. HP: 62/62 MP: 6/13
  6619 | D:6      | Found a shadowy altar of Dithmenos.
  6710 | D:6      | Found a hide-covered altar of Uskayaw.
  6749 | D:6      | Reached ** piety under Cheibriados
  6787 | D:6      | Found a glowing drain.
  6793 | Sewer    | Entered a sewer
  7263 | D:6      | Learned a level 2 spell: Passwall
  7310 | D:6      | Found a runed translucent gate.
  7310 | D:6      | Found a runed translucent gate.
  7310 | D:6      | Found a runed translucent gate.
  7311 | D:6      | Noticed H0rd4k's ghost (novice OpAr)
  7311 | D:6      | Noticed a kobold demonologist
  7319 | D:6      | Reached skill level 8 in Stealth
  7329 | D:6      | Reached XP level 9. HP: 62/68 MP: 8/15
  7688 | D:6      | Reached *** piety under Cheibriados
  8017 | D:7      | Noticed Joseph
  8036 | D:7      | Killed Joseph
  8037 | D:7      | Reached skill level 1 in Conjurations
  8037 | D:7      | Reached skill level 1 in Transmutations
  8037 | D:7      | Reached skill level 1 in Evocations
  8385 | D:7      | Found Peomod's Jewellery Shop.
  8394 | D:7      | Reached skill level 1 in Armour
  8983 | D:7      | Reached skill level 9 in Stealth
  9248 | D:7      | Reached skill level 5 in Spellcasting
  9745 | D:8      | Found the amulet of Elemental Vulnerability {rPois rF--
                  | rC-- AC+8}
  9758 | D:7      | Reached XP level 10. HP: 65/75 MP: 13/17
  9765 | D:8      | Noticed Pikel
  9772 | D:7      | HP: 2/75 [killer bee (3)]
  9773 | D:7      | Slain by a killer bee

Illustrated notes

Levels and vault maps discovered:
D:1:      nicolae_arrival_somewhat_less_tricky_arrival, layout_loops_cross,
          minmay_misc_feat_room, minmay_pentomino_q4
D:2:      layout_basic, shapermc_ecumenical_altar_gd
D:3:      layout_basic, serial_shops, shop, shop_statue
D:4:      layout_basic, kennysheep_mini, minmay_temple_entry_junction,
          patterned_corridor
D:5:      layout_loops_cross, lemuel_blue_sif_altar,
          chequers_temple_overflow_statue_of_worship
D:6:      layout_rooms, mainiacjoe_overflow_big_doors, portal_sewer_entry_e,
          gammafunk_ghost_nasty_kobolds
D:7:      minmay_razor_zed, layout_basic, serial_shops, nicolae_shop_crystal,
          uniq_joseph
D:8:      layout_cave_pools, uniq_maggie, uniq_pikel
Temple:   nicolae_temple_godzebo

Skill      XL: |  1  2  3  4  5  6  7  8  9 |
---------------+----------------------------+-----
Short Blades   | 2 3 4 5 6 7 |  7.4
Stealth        | 5 6 7 8 9 |  9.3
Hexes          | 4 5 6 7 |  7.0
Spellcasting   | 3 4 5 |  5.1
Invocations    | 1 3 |  3.0
Dodging        | 2 |  2.6
Conjurations   | 2 |  2.0
Transmutations | 2 |  2.0
Evocations     | 2 |  2.2
Armour         | 1 |  1.8

Action                   |  1- 3 |  4- 6 |  7- 9 | 10-12 || total
-------------------------+-------+-------+-------+-------++-------
Melee: Dagger            |    85 |    47 |   317 |     6 ||   455
       Punch             |     1 |     1 |     9 |       ||    11
Throw: Stone             |       |       |     2 |       ||     2
 Cast: Ensorcelled Hiber |    11 |    22 |    58 |     1 ||    92
       Confusing Touch   |       |       |    14 |       ||    14
       Tukima's Dance    |       |       |     3 |       ||     3
       Dazzling Flash    |       |       |     9 |     2 ||    11
 Abil: Spit Poison       |    13 |    10 |    20 |     1 ||    44
  Use: Scroll            |       |     6 |     1 |       ||     7
       Potion            |       |       |       |     2 ||     2
 Stab: Sleeping          |    15 |     8 |    42 |       ||    65
       Confused          |       |       |    11 |       ||    11
       Invisible         |       |       |    11 |     1 ||    12
Armor: Robe              |    19 |     7 |    96 |     4 ||   126
Dodge: Dodged            |    33 |    29 |   182 |    17 ||   261
